 Dungeon Crawl Stone Soup version 0.19.4-8-ga85b6b9 (webtiles) character file.

2720 protoss039 the Conjurer (level 9, -3/52 HPs)
             Began as a High Elf Wizard on Feb 9, 2017.
             Was an Initiate of Vehumet.
             Slain by a killer bee (9 damage)
             ... on level 7 of the Dungeon on Feb 10, 2017.
             The game lasted 00:48:39 (8469 turns).

protoss039 the Conjurer (High Elf Wizard)           Turns: 8469, Time: 00:48:40

Health: -3/52      AC:  4    Str: 13    XL:     9   Next: 39%
Magic:  21/21      EV: 12    Int: 25    God:    Vehumet [......]
Gold:   345        SH:  0    Dex: 14    Spells: 4 memorised, 14 levels left

rFire  . . .     SeeInvis .     z - +3 mace "Nirer" {drain, Str+6}
rCold  . . .     Gourm    .     b - +0 robe {MR+}
rNeg   . . .     Faith    .     (no shield)
rPois  .         Spirit   .     H - +1 hat
rElec  .         Reflect  .     t - +0 cloak
rCorr  .         Harm     .     (no gloves)
MR     +....                    (no boots)
Stlth  +++.......               h - amulet of magic regeneration
                                (no ring)
                                q - ring of stealth

@: lethally poisoned (-3 -> -8), about to teleport, repel missiles
A: no striking features
a: Renounce Religion


You were on level 7 of the Dungeon.
You worshipped Vehumet.
Vehumet was noncommittal.
You were not hungry.

You visited 2 branches of the dungeon, and saw 8 of its levels.

You collected 345 gold pieces.

Inventory:

Hand Weapons
 f - a +1 dagger of speed
 z - the +3 mace "Nirer" (weapon) {drain, Str+6}
   (You found it on level 4 of the Dungeon)

   A truly terrible weapon, it drains the life of those it strikes.
   It affects your strength (+6).
Armour
 b - a +0 robe of magic resistance (worn)
 t - a +0 cloak (worn)
 A - a +0 leather armour
 H - a +1 hat (worn)
Jewellery
 e - a +3 amulet of reflection
 h - an amulet of magic regeneration (around neck)
 q - a ring of stealth (left hand)
 r - an uncursed ring of fire
 I - a +3 amulet of reflection
Wands
 v - a wand of flame (27/48)
Scrolls
 g - 3 scrolls of remove curse
 s - 2 scrolls of teleportation
 w - a scroll of amnesia
 y - a scroll of immolation
 B - a scroll of identify
 L - a scroll of recharging
Potions
 a - a potion of curing
 j - a potion of lignification
 n - 2 potions of mutation {unknown}
 o - a potion of brilliance {unknown}
 p - a potion of haste {unknown}
 u - a potion of agility {unknown}
 x - 2 potions of magic
 C - a potion of resistance {unknown}
 E - a potion of degeneration {unknown}
 F - a potion of flight {unknown}
 K - a potion of beneficial mutation {unknown}
Books
 c - a book of Minor Magic

   Spells                             Type                      Level
   a - Magic Dart                     Conjuration                  1
   b - Blink                          Translocation                2
   c - Call Imp                       Summoning                    2
   d - Repel Missiles                 Charms/Air                   2
   e - Slow                           Hexes                        2
   f - Conjure Flame                  Conjuration/Fire             3
   g - Mephitic Cloud                 Conjuration/Poison/Air       3
 i - the Guide on Clay and Envenoming
   (You found it on level 4 of the Dungeon)

   Spells                             Type                      Level
   a - Sandblast                      Earth                        1
   b - Passwall                       Transmutation/Earth          2
   c - Ignite Poison                  Fire/Transmutation/Poison    3
   d - Leda's Liquefaction            Hexes/Earth                  4
   e - Olgreb's Toxic Radiance        Poison                       4
   f - Statue Form                    Transmutation/Earth          6
Comestibles
 d - 3 bread rations
 k - a slice of pizza
 l - 14 fruits
 m - 4 meat rations
 G - a royal jelly
 J - a beef jerky


   Skills:
 + Level 0.6 Fighting
 + Level 0.5 Maces & Flails
 + Level 0.1 Armour
 - Level 2.1 Dodging
 - Level 2.1 Stealth
 - Level 7.3 Spellcasting
 - Level 7.8 Conjurations
 + Level 6.4 Hexes
 * Level 5.8 Charms
   Level 0.8 Summonings
   Level 1.1 Translocations
 * Level 3.4 Air Magic


You had 14 spell levels left.
You knew the following spells:

 Your Spells              Type           Power        Failure   Level  Hunger
a - Magic Dart            Conj           ####         1%          1    None
b - Slow                  Hex            #####...     1%          2    None
c - Repel Missiles        Chrm/Air       ####..       1%          2    None
d - Mephitic Cloud        Conj/Pois/Air  ####....     4%          3    None


Dungeon Overview and Level Annotations

Branches:
Dungeon (7/15)             Temple (1/1) D:7

Altars:
Ashenzari
Cheibriados
Dithmenos
Elyvilon
Fedhas
Gozag
Hepliaklqana
Kikubaaqudgha
Makhleb
Nemelex Xobeh
Okawaru
Qazlal
Ru
Sif Muna
Trog
Uskayaw
Vehumet
Xom
Yredelemnul
Zin
The Shining One

Shops:
D:6 (


Message History

The killer bee poisons you!
As you read the scroll of teleportation, it crumbles to dust.
You feel strangely unstable.
You feel sick. The killer bee barely misses you.
The killer bee closely misses you. The killer bee completely misses you.
The killer bee stings you.
You are lethally poisoned!
The killer bee poisons you! The killer bee stings you.
* * * LOW HITPOINT WARNING * * *
The killer bee barely misses you. The killer bee stings you!
* * * LOW HITPOINT WARNING * * *
Unknown command.
Unknown command.
Unknown command.
You feel better. The killer bee closely misses you. The killer bee stings you.
* * * LOW HITPOINT WARNING * * *
The killer bee stings you.
* * * LOW HITPOINT WARNING * * *
You are poisoned.
The killer bee poisons you! The killer bee stings you!
You die...

##. ##.....## #.###.#.# ##..
##.......## #.#.#.#.#
###...####.........###.......##
#........'.).......'...........
#.#...##.#.........###.......##
##.. #.##.......## ##......#
#... #.###.....## ##.##### #.##
#.# ##yyy###### #.# .. #.#
##@y.....# #.# .# ..# #.#####.#
.# #. ### #.# #.# .#
##.#####.###.# ##............#
#.."..#.#.#.### ##........#.#
######..##.###.# .......<...#
#.#


You could see 4 killer bees.

Vanquished Creatures
  Sigmund (D:6)
  Eustachio (D:4)
  Duvessa (D:5)
  2 ice beasts
  7 ogres
  A sky beast (D:4)
  3 centaurs
  A bullfrog (D:7)
  Dowan (D:5)
  3 scorpions
  4 crimson imps
  A gnoll shaman (D:5)
  A bullfrog zombie (D:5)
  A jelly (D:6)
  2 orc priests
  4 orc wizards
  A quasit (D:4)
  A bullfrog skeleton (D:7)
  2 iguanas
  5 worker ants
  A hound zombie (D:6)
  A howler monkey zombie (D:6)
  8 gnolls
  6 adders
  2 shadow imps
  An adder zombie (D:5)
  An adder skeleton (D:4)
  2 worms
  7 leopard geckos
  16 orcs
  9 giant cockroaches
  10 goblins
  15 hobgoblins
  6 jackals
  6 kobolds
  2 quokkas
  8 bats
  8 frilled lizards
  A quokka skeleton (D:5)
  8 rats
161 creatures vanquished.

Notes
Turn   | Place    | Note
-------+----------+-------------------------------------------
     0 | D:1      | protoss039 the High Elf Wizard began the quest for the Orb.
     0 | D:1      | Reached XP level 1. HP: 11/11 MP: 6/6
   480 | D:1      | Reached XP level 2. HP: 17/17 MP: 3/7
   500 | D:1      | Learned a level 2 spell: Slow
  1402 | D:1      | Reached XP level 3. HP: 21/21 MP: 7/9
  1483 | D:2      | Reached skill level 1 in Hexes
  1492 | D:2      | Learned a level 2 spell: Repel Missiles
  2267 | D:2      | Reached XP level 4. HP: 27/27 MP: 1/11
  2530 | D:3      | Found an ancient bone altar of Kikubaaqudgha.
  3262 | D:4      | Found an iron altar of Okawaru.
  3317 | D:4      | Identified the Guide on Clay and Envenoming
  3389 | D:4      | Got a polished mace
  3390 | D:4      | Identified the cursed +3 mace "Nirer" {drain, Str+6} (You found it on level 4 of the Dungeon)
  3397 | D:4      | Noticed an ice beast
  3421 | D:4      | Killed an ice beast
  3421 | D:4      | Reached XP level 5. HP: 15/31 MP: 5/13
  3437 | D:4      | Noticed Sigmund
  3452 | D:4      | Noticed an ogre
  3471 | D:4      | Killed an ogre
  3471 | D:4      | Reached skill level 5 in Spellcasting
  3471 | D:4      | Reached skill level 5 in Conjurations
  3471 | D:4      | Reached XP level 6. HP: 23/36 MP: 5/14
  4455 | D:4      | Reached XP level 7. HP: 41/41 MP: 13/16
  4631 | D:4      | Noticed Eustachio
  4766 | D:4      | Killed Eustachio
  4815 | D:5      | Entered Level 5 of the Dungeon
  4870 | D:5      | Reached XP level 8. HP: 46/46 MP: 11/18
  4951 | D:5      | Noticed Dowan
  4954 | D:5      | Noticed Duvessa
  4963 | D:5      | Killed Duvessa
  4963 | D:5      | Reached skill level 1 in Charms
  4982 | D:5      | Killed Dowan
  5304 | D:5      | Reached skill level 5 in Hexes
  6094 | D:6      | Killed Sigmund
  6106 | D:6      | Learned a level 3 spell: Mephitic Cloud
  6515 | D:5      | Reached skill level 1 in Air Magic
  6558 | D:5      | Reached XP level 9. HP: 11/51 MP: 3/20
  6856 | D:6      | Found a hide-covered altar of Uskayaw.
  7166 | D:6      | Reached skill level 5 in Charms
  7439 | D:6      | Found Kiosti Guem's Antique Weapon Boutique.
  8018 | D:7      | Found an opulent altar of Gozag.
  8021 | D:7      | Found a shattered altar of Ashenzari.
  8022 | D:7      | Found a snail-covered altar of Cheibriados.
  8023 | D:7      | Found a hazy altar of Hepliaklqana.
  8080 | D:7      | Found a staircase to the Ecumenical Temple.
  8089 | Temple   | Entered the Ecumenical Temple
  8120 | Temple   | Became a worshipper of Vehumet
  8469 | D:7      | Slain by a killer bee

Skill      XL: |  1  2  3  4  5  6  7  8  9 |
---------------+----------------------------+-----
Spellcasting   | 4 5 6 7 |  7.3
Conjurations   | 2 3 4 5 7 |  7.8
Hexes          | 1 2 3 4 5 6 |  6.4
Charms         | 4 5 |  5.8
Air Magic      | 1 3 |  3.4
Fighting       | |  0.6
Maces & Flails | |  0.5
Armour         | |  0.1
Dodging        | |  2.1
Stealth        | |  2.1
Summonings     | |  0.8
Translocations | |  1.1

Action                   |  1- 3 |  4- 6 |  7- 9 || total
-------------------------+-------+-------+-------++-------
Melee: Club              |     4 |       |       ||     4
       Dagger            |    15 |    23 |       ||    38
       Mace              |       |    32 |   136 ||   168
 Cast: Magic Dart        |   112 |   118 |   277 ||   507
       Slow              |    18 |    28 |    69 ||   115
       Repel Missiles    |     2 |       |     2 ||     4
  Use: Scroll            |     4 |     1 |     6 ||    11
       Potion            |       |     2 |     2 ||     4
  Eat: Chunk             |     4 |     7 |    12 ||    23
       Fruit             |       |       |     1 ||     1
Armor: Robe              |    14 |     6 |     3 ||    23
       Leather armour    |       |       |    32 ||    32
       Skin              |       |       |     2 ||     2
Dodge: Dodged            |    37 |    31 |   103 ||   171
       Deflected         |     2 |       |    10 ||    12
